 Dungeon Crawl Stone Soup version 0.27.0-1-g7a089689b8 (webtiles) character file.

Game seed: 15649119706432500351

56 ZARRMARR the Digger (level 3, -1/26 HPs)
             Began as a Draconian Earth Elementalist on Aug 3, 2021.
             Slain by Sigmund (4 damage)
             ... on level 2 of the Dungeon.
             The game lasted 00:08:42 (1798 turns).

ZARRMARR the Digger (Draconian Earth Elementalist)  Turns: 1798, Time: 00:08:44

Health: -1/26      AC:  5    Str: 10    XL:     3   Next: 71%
Magic:  3/6        EV: 12    Int: 16    God:
Gold:   109        SH:  5    Dex: 11    Spells: 6/7 levels left

rFire    . . .     SeeInvis .   d - +4 mace
rCold    . . .     Faith    .   (no shield)
rNeg     . . .     Spirit   .   (armour unavailable)
rPois    .         Reflect  +   (helmet restricted)
rElec    .         Harm     .   (no cloak)
rCorr    .         Rampage  .   (no gloves)
Will     .....                  (no boots)
Stlth    ++........             h - amulet of reflection
HPRegen  0.08/turn              (no ring)
MPRegen  0.10/turn              (no ring)

@: very slightly contaminated
A: AC +5, unfitting armour, cold-blooded
a: no special abilities


You were on level 2 of the Dungeon.
You visited 1 branch of the dungeon, and saw 2 of its levels.

You collected 109 gold pieces.

Inventory:

Hand Weapons
 d - a +4 mace (weapon)
Missiles
 b - 19 stones (quivered)
Jewellery
 h - an amulet of reflection (around neck)
Scrolls
 a - a scroll of holy word
 g - a scroll of magic mapping {unknown}
Potions
 c - a potion of heal wounds {unknown}
 e - a potion of flight {unknown}
 f - a potion of curing {unknown}


   Skills:
 + Level 0.2 Maces & Flails
 + Level 1.1 Throwing
 + Level 1.9 Dodging
 + Level 1.8 Stealth
 + Level 2.5 Spellcasting
 + Level 1.0 Transmutations
 + Level 3.8 Earth Magic


You had 6 spell levels left.
You knew the following spells:

 Your Spells              Type           Power      Damage    Failure   Level
a - Sandblast             Erth           28%        2d8       4%          1

Your spell library contained the following spells:

 Spells                   Type           Power      Damage    Failure   Level
 Passwall                 Tmut/Erth      7%         N/A       11%         2
 Stone Arrow              Conj/Erth      16%        3d8       26%         3
 Petrify                  Tmut/Erth      9%         N/A       58%         4


Dungeon Overview and Level Annotations

Branches:
Dungeon (2/15)

Altars:

Shops:
D:1 *   D:2 =

Annotations:
D:2 Sigmund


Innate Abilities, Weirdness & Mutations

Your plain brown scales are hard. (AC +5)
You cannot fit into any form of body armour.
You are cold-blooded and may be slowed by cold attacks.


Message History

Sigmund burns you.
You're too confused to cast spells.
Sigmund closely misses you.
You're too confused to cast spells.
You feel less confused. You block Sigmund's attack.
Casting: Sandblast (safe; 4% risk of failure)
Confirm with . or Enter, or press ? or * to list all spells.
Aiming: Sandblast (safe; 4% risk of failure)
Press: ? - help, Shift-Dir - straight line, f - Sigmund
Aim: Sigmund, wielding a +0 scythe of flaming and wearing a +0 robe (77% to hit)
The blast of sand hits Sigmund.
Sigmund is lightly wounded.
b - 20 stones Sigmund points at you and mumbles some strange words.
The magic dart hits you.
Casting: Sandblast (safe; 4% risk of failure)
Confirm with . or Enter, or press ? or * to list all spells.
Aiming: Sandblast (safe; 4% risk of failure)
Press: ? - help, Shift-Dir - straight line, f/p - Sigmund
Aim: Sigmund, wielding a +0 scythe of flaming and wearing a +0 robe (lightly wounded, 77% to hit)
You miscast Sandblast.
You are very lightly contaminated with residual magic.
Nothing appears to happen.
Sigmund closely misses you.
As you read the scroll labelled MUTU HOCRUNUE, it crumbles to dust.
You speak a Word of immense power!
It was a scroll of holy word.
Sigmund hits you from afar with a +0 scythe of flaming.
* * * LOW HITPOINT WARNING * * *
Sigmund burns you.
* * * LOW HITPOINT WARNING * * *
Casting: Sandblast (safe; 4% risk of failure)
Confirm with . or Enter, or press ? or * to list all spells.
Aiming: Sandblast (safe; 4% risk of failure)
Press: ? - help, Shift-Dir - straight line, f/p - Sigmund
Aim: Sigmund, wielding a +0 scythe of flaming and wearing a +0 robe (lightly wounded, 77% to hit)
The blast of sand hits Sigmund.
Sigmund is lightly wounded.
b - 19 stones Sigmund hits you from afar with a +0 scythe of flaming.
You die...

######## .......#
.......######## ##
.......'......## ..
.......######..# .#
.......#######.###..#
................@.@.#
..############((.#..#
..# ##..# .... ..#
#..# ...( #.# ...#
##. #.# ###.# #.# ...
# #..# #


You could see Sigmund.

Vanquished Creatures
  An adder (D:2)
  A worm (D:2)
  7 endoplasms
  2 giant cockroaches (D:1)
  4 hobgoblins (D:2)
  4 jackals (D:2)
  A quokka (D:1)
  4 ball pythons
  6 bats
  2 frilled lizards (D:1)
  2 goblins
  3 kobolds (D:1)
  A quokka skeleton (D:2)
  4 rats (D:1)
42 creatures vanquished.

Notes
Turn   | Place    | Note
-------+----------+-------------------------------------------
     0 | D:1      | ZARRMARR the Draconian Earth Elementalist began the quest
                  | for the Orb.
     0 | D:1      | Reached XP level 1. HP: 14/14 MP: 3/3
   280 | D:1      | Reached XP level 2. HP: 20/20 MP: 3/5
   556 | D:1      | Found Feostruw's Assorted Antiques.
  1030 | D:2      | Reached XP level 3. HP: 18/26 MP: 4/6
  1333 | D:2      | Reached skill level 1 in Throwing
  1475 | D:2      | Found Aneor's Jewellery Boutique.
  1780 | D:2      | Noticed Sigmund
  1798 | D:2      | Slain by Sigmund

Illustrated notes

Levels and vault maps discovered:
D:1:      grunt_arrival_lava_bath, layout_basic, serial_shops,
          nicolae_shop_overgrown_old_shop
D:2:      layout_basic, serial_shops, shop, uniq_sigmund

Skill      XL: |  1  2  3 |
---------------+----------+-----
Throwing       | 1 |  1.1
Maces & Flails | |  0.2
Dodging        | |  1.9
Stealth        | |  1.8
Spellcasting   | |  2.5
Transmutations | |  1.0
Earth Magic    | |  3.8

Action                   || total
-------------------------++-------
Melee: Mace              ||    29
Throw: Stone             ||    58
 Cast: Sandblast         ||    39
  Use: Scroll            ||     2
 Stab: Sleeping          ||     1
Armor: Skin              ||    14
Dodge: Dodged            ||    30
Block: Other             ||     1
